 Seeded DCSS version 0.30-a0-860-g512cf1e979 (webtiles) character file.

Game seed: 96920101 (custom seed)

47 muata the Insei (level 3, -1/28 HPs)
             Began as a Gnoll Transmuter on Mar 8, 2023.
             Slain by an orc
             ... wielding a +0 club
              (5 damage)
             ... on level 3 of the Dungeon.
             The game lasted 00:07:06 (2079 turns).

muata the Insei (Gnoll Transmuter)                  Turns: 2079, Time: 00:07:06

Health: -1/28      AC:  2    Str:  9    XL:     3   Next: 70%
Magic:  6/9        EV: 13    Int: 14    God:
Gold:   76         SH:  0    Dex: 12    Spells: 4/12 levels left

rFire   . . .      SeeInvis .      - Unarmed
rCold   . . .      Faith    .    (no shield)
rNeg    . . .      Spirit   .    a - +0 robe
rPois   .          Reflect  .    (helmet currently unavailable)
rElec   .          Rampage  .    (no cloak)
rCorr   .                        (no gloves)
Will    .....                    (boots currently unavailable)
Stlth   ++                       (no amulet)
HPRegen 0.24/turn                (no ring)
MPRegen 0.11/turn                (no ring)

@: appendages, wereblooded
A: horns 2, talons 2, fangs 1, strong nose, distributed training
a: End Transformation


You were on level 3 of the Dungeon.
You had temporarily grown beastly horns and talons.
You visited 1 branch of the dungeon, and saw 3 of its levels.

You collected 76 gold pieces.

Inventory:

Missiles
 i - 2 poisoned darts
Armour
 a - a +0 robe (worn)
Scrolls
 c - a scroll of fog {unknown}
 d - 3 scrolls of teleportation
 g - 2 scrolls of noise {unknown}
 m - a scroll of magic mapping {unknown}
 n - a scroll of identify {unknown}
 o - a scroll of poison {unknown}
 r - a scroll of immolation {unknown}
Potions
 b - a potion of lignification
 e - 2 potions of curing {unknown}
 f - a potion of flight {unknown}
 h - a potion of heal wounds {unknown}
 j - 2 potions of cancellation {unknown}
 k - a potion of ambrosia {unknown}
 l - a potion of invisibility {unknown}
 p - a potion of might {unknown}
 q - a potion of magic {unknown}


   Skills:
 + Level 2.6 Fighting
 + Level 1.0 Short Blades
 + Level 1.0 Long Blades
 + Level 1.0 Axes
 + Level 1.0 Maces & Flails
 + Level 1.0 Polearms
 + Level 1.0 Staves
 + Level 1.0 Ranged Weapons
 + Level 1.0 Throwing
 + Level 1.0 Armour
 + Level 4.6 Dodging
 + Level 1.0 Stealth
 + Level 1.0 Shields
 + Level 6.5 Unarmed Combat
 + Level 5.0 Spellcasting
 + Level 0.7 Conjurations
 + Level 0.7 Hexes
 + Level 0.7 Summonings
 + Level 0.7 Necromancy
 + Level 0.7 Translocations
 + Level 3.8 Transmutations
 + Level 0.7 Fire Magic
 + Level 0.7 Ice Magic
 + Level 0.7 Air Magic
 + Level 0.7 Earth Magic
 + Level 0.7 Poison Magic
 + Level 1.0 Invocations
 + Level 1.0 Evocations


You had 4 spell levels left.
You knew the following spells:

 Your Spells              Type           Power      Damage    Failure   Level
a - Beastly Appendage     Tmut           28%        N/A       3%          1
b - Poisonous Vapours     Pois/Air       10%        N/A       21%         2
c - Wereblood             Tmut           14%        N/A       5%          2
d - Spider Form           Tmut/Pois      9%         N/A       21%         3

Your spell library contained the following spells:

 Spells                   Type           Power      Damage    Failure   Level
 Cigotuvi's Dreadful Rot  Necr/Pois/Air  10%        N/A       21%         2
 Mephitic Cloud           Conj/Pois/Air  5%         N/A       36%         3
 Ice Form                 Ice/Tmut       9%         N/A       56%         4


Dungeon Overview and Level Annotations

Branches:
Dungeon (3/15)

Altars:

Shops:
D:1 [

Annotations:
D:3 Sigmund


Innate Abilities, Weirdness & Mutations

You have temporarily grown beastly horns and talons.
You have very sharp teeth.
Your uncanny sense of smell can sniff out nearby items.
Your experience applies equally to all skills.


Message History

A rat comes into view.
You closely miss the rat. The rat barely misses you.
You barely miss the rat. The rat misses you.
You punch the rat!
You kill the rat!
You see here a rat corpse.
You see here a rat corpse.
Found 9 stones.
You now have 76 gold pieces (gained 8).
Found a scroll labelled POEVOE WEOVAON.
q - a brown potion
r - a scroll labelled POEVOE WEOVAON An orc comes into view.
It is wielding a +0 club.
Found a stone staircase leading up.
Sigmund the Dreaded comes into view.
He is wielding a +0 scythe and carrying a wand of roots (7).
Sigmund shouts!
A bat comes into view.
You see here 2 potions of lignification.
Casting: Beastly Appendage (safe; 3% risk of failure)
Confirm with . or Enter, or press ? or * to list all spells.
The spell is quite dangerous to miscast (21% risk of failure)!
Continue anyway?
Okay, then.
Casting: Spider Form (quite dangerous; 21% risk of failure)
Confirm with . or Enter, or press ? or * to list all spells.
You grow a pair of large bovine horns.
Your feet morph into talons.
Casting: Beastly Appendage (safe; 3% risk of failure)
Confirm with . or Enter, or press ? or * to list all spells.
Your blood is infused with primal strength.
You completely miss the orc.
The orc shouts!
Your kick misses the orc. Your bite misses the orc.
The orc hits you with a +0 club.
Sigmund hits you from afar with a +0 scythe!
You barely miss the orc. Your headbutt misses the orc.
The orc hits you with a +0 club.
Sigmund hits you from afar with a +0 scythe!
* * * LOW HITPOINT WARNING * * *
You closely miss the orc. Your bite misses the orc.
The orc hits you with a +0 club.
You die...

......## #.##.#
#. .###### #.##.#
#. .# #.##.# )#
##.##.# .# #
#..##.## .#
#.##.###.< .#
#.....##.# .#
####..##.# .#
#..##@#####.. .#
#..#.!o@.....
.#########
#..#..#####..
.........#
#........#
#####.##.#
#.##..##....
#.##.#
#.##........
#.##.###.##.#####
. #.##........#
#........####


You could see Sigmund and an orc.

Vanquished Creatures
  A dart slug (D:1)
  3 ball pythons
  3 endoplasms
  2 giant cockroaches
  5 goblins
  3 hobgoblins
  4 jackals
  5 kobolds
  2 quokkas (D:1)
  3 bats
  6 frilled lizards
  4 rats
41 creatures vanquished.

Notes
Turn   | Place    | Note
-------+----------+-------------------------------------------
     0 | D:1      | muata the Gnoll Transmuter began the quest for the Orb.
     0 | D:1      | Reached XP level 1. HP: 17/17 MP: 6/6
    92 | D:1      | Found Ymeus's Armour Boutique.
   169 | D:1      | Reached XP level 2. HP: 18/23 MP: 5/7
   612 | D:1      | Reached skill level 5 in Spellcasting
   612 | D:1      | Reached XP level 3. HP: 24/28 MP: 7/9
   860 | D:1      | Learned a level 2 spell: Poisonous Vapours
   863 | D:1      | Learned a level 2 spell: Wereblood
   867 | D:1      | Learned a level 3 spell: Spider Form
  1199 | D:2      | Reached skill level 1 in Invocations
  1822 | D:3      | Reached skill level 1 in Short Blades
  1822 | D:3      | Reached skill level 1 in Long Blades
  1822 | D:3      | Reached skill level 1 in Axes
  1822 | D:3      | Reached skill level 1 in Maces & Flails
  1822 | D:3      | Reached skill level 1 in Polearms
  1822 | D:3      | Reached skill level 1 in Staves
  1822 | D:3      | Reached skill level 1 in Ranged Weapons
  1822 | D:3      | Reached skill level 1 in Throwing
  1822 | D:3      | Reached skill level 1 in Armour
  1822 | D:3      | Reached skill level 1 in Stealth
  1822 | D:3      | Reached skill level 1 in Shields
  1822 | D:3      | Reached skill level 1 in Evocations
  2071 | D:3      | Noticed Sigmund
  2079 | D:3      | Slain by an orc

Illustrated notes

Levels and vault maps discovered:
D:1:      saegor_arrival_fortress, layout_loops_ring, serial_shops, shop
D:2:      layout_basic, grunt_ministairs_9
D:3:      layout_loops_ring, kennysheep_nub, st_stairs_7, hex_medium,
          uniq_sigmund

Skill      XL: |  1  2  3 |
---------------+----------+-----
Spellcasting   | 5 |  5.0
Invocations    | 1 |  1.0
Short Blades   | 1 |  1.0
Long Blades    | 1 |  1.0
Axes           | 1 |  1.0
Maces & Flails | 1 |  1.0
Polearms       | 1 |  1.0
Staves         | 1 |  1.0
Ranged Weapons | 1 |  1.0
Throwing       | 1 |  1.0
Armour         | 1 |  1.0
Stealth        | 1 |  1.0
Shields        | 1 |  1.0
Evocations     | 1 |  1.0
Fighting       | |  2.6
Dodging        | |  4.6
Unarmed Combat | |  6.5
Conjurations   | |  0.7
Hexes          | |  0.7
Summonings     | |  0.7
Necromancy     | |  0.7
Translocations | |  0.7
Transmutations | |  3.8
Fire Magic     | |  0.7
Ice Magic      | |  0.7
Air Magic      | |  0.7
Earth Magic    | |  0.7
Poison Magic   | |  0.7

Action                     || total
---------------------------++-------
  Melee: Unarmed           ||   109
         Bite              ||     6
         Punch             ||     3
         Kick              ||     2
         Headbutt          ||     2
   Cast: Beastly Appendage ||     9
         Wereblood         ||     1
    Use: Scroll            ||     1
   Stab: Sleeping          ||     1
 Armour: Robe              ||    21
  Dodge: Dodged            ||    58

Table legend: (Time is in decaauts)
 A = Elapsed time spent in this place.
 B = Non-inter-level travel time spent in this place.
 C = Inter-level travel time spent in this place.
 D = Time resting spent in this place.
 E = Time spent auto-exploring this place.
 F = Levels seen in this place.
 G = Mean time per level.
                   A        B        C        D        E       F      G
               +--------+--------+--------+--------+--------+-----+--------+
         Total |   2065 |   1901 |    164 |     27 |   1471 |   3 |  688.3 |
       Dungeon |   2065 |   1901 |    164 |     27 |   1471 |   3 |  688.3 |
               +--------+--------+--------+--------+--------+-----+--------+

Top non-repeatable levels by time:
     D:1: 981 daAuts
     D:2: 807 daAuts
     D:3: 277 daAuts
